 Dungeon Crawl Stone Soup version 0.25-a0-577-ga4619f4 (webtiles) character file.

Game seed: 11355422639393522914, levelgen mode: deterministic

102 HungryMoth the Skirmisher (level 5, -2/42 HPs)
             Began as a Formicid Monk on Mar 2, 2020.
             Was a Priest of Vehumet.
             Slain by an orc priest
             ... wielding a +0 short sword
              (6 damage)
             ... on level 3 of the Dungeon.
             The game lasted 00:08:45 (2777 turns).

HungryMoth the Skirmisher (Formicid Monk)           Turns: 2777, Time: 00:08:46

Health: -2/42      AC:  3    Str: 15    XL:     5   Next: 5%
Magic:  5/5        EV: 13    Int: 11    God:    Vehumet [***...]
Gold:   186        SH:  0    Dex: 13    Spells: 3/4 levels left

rFire    . . .     SeeInvis +   p - +0 halberd
rCold    . . .     Gourm    .   (no shield)
rNeg     . . .     Faith    .   k - +0 leather armour
rPois    .         Spirit   .   (helmet unavailable)
rElec    .         Reflect  .   (no cloak)
rCorr    .         Harm     .   (no gloves)
MR       .....                  (no boots)
Stlth    ++........             (no amulet)
HPRegen  0.14/turn              (no ring)
MPRegen  0.09/turn              (no ring)

@: no status effects
A: permanent stasis, dig shafts and tunnels, four strong arms, antennae 3
a: Dig, Shaft Self, Renounce Religion


You were on level 3 of the Dungeon.
You worshipped Vehumet.
Vehumet was most pleased with you.
You were not hungry.

You visited 1 branch of the dungeon, and saw 3 of its levels.

You collected 186 gold pieces.

Inventory:

Hand Weapons
 a - a +0 spear
 p - a +0 halberd (weapon)
Missiles
 q - 60 stones (quivered)
Armour
 b - a +0 robe
 k - a +0 leather armour (worn)
Scrolls
 d - a scroll of enchant armour {unknown}
 e - a scroll of identify {unknown}
 h - a scroll of immolation {unknown}
 i - 2 scrolls of remove curse {unknown}
 l - a scroll of random uselessness {unknown}
 m - a scroll of teleportation {unknown}
Potions
 f - 2 potions of curing {unknown}
 o - a potion of flight {unknown}
Comestibles
 c - 3 rations


   Skills:
 + Level 4.3 Fighting
 - Level 3.0 Polearms
 + Level 2.4 Armour
 + Level 3.5 Dodging
 - Level 2.4 Stealth
 + Level 0.3 Earth Magic


You had 3 spell levels left.
You knew the following spells:

 Your Spells              Type           Power        Failure   Level  Hunger
a - Sandblast             Erth           #.....       11%         1    ##.....
Your spell library was empty.

Dungeon Overview and Level Annotations

Branches:
Dungeon (3/15)

Altars:
Gozag
Ru
Vehumet


Innate Abilities, Weirdness & Mutations

You cannot be hasted, slowed, berserked, paralysed or teleported.
You can dig through walls and to a lower floor.
Your four strong arms can wield two-handed weapons with a shield.
You have a pair of large antennae on your head. (SInv)


Message History

The orc priest is almost dead.
The orc priest hits you with a +0 short sword!
* * * LOW HITPOINT WARNING * * *
The orc hits you but does no damage. The orc priest closely misses you.
You barely miss the orc priest.
The orc priest is almost dead.
The orc hits you with a +0 dagger.
* * * LOW HITPOINT WARNING * * *
The orc priest hits you with a +0 short sword.
* * * LOW HITPOINT WARNING * * *
The orc closely misses you.
You barely miss the orc priest.
The orc priest is almost dead.
The orc priest hits you with a +0 short sword.
* * * LOW HITPOINT WARNING * * *
The orc closely misses you.
You barely miss the orc priest.
The orc priest is almost dead.
The orc priest hits you with a +0 short sword.
You die...

######## #......# #######
#.####.# ###.....# #.# #.#
........####.####.#
#.###.........).....#
..........####o.....#
##......###@o.##.##########
#.
#.##{####.....#..........#
#..##.##.#
##...###########.#
#........# ##.## #.#
#.....{..# #.# #.#
##.##.##.# #.# #.#
#.#...#.# ##+# ###.##
#.#...#.# ##...## #.....
#.......# ##.....## ##.....


You could see an orc priest and an orc.

Vanquished Creatures
  A gnoll (D:2)
  An adder (D:2)
  An ooze (D:1)
  A worm (D:3)
  5 dart slugs
  A leopard gecko (D:1)
  2 orcs (D:3)
  A ball python (D:3)
  2 giant cockroaches
  8 goblins
  A hobgoblin (D:1)
  2 jackals (D:1)
  2 quokkas
  9 bats
  4 frilled lizards
  12 kobolds
  A quokka skeleton (D:3)
  8 rats
62 creatures vanquished.

Notes
Turn   | Place    | Note
-------+----------+-------------------------------------------
     0 | D:1      | HungryMoth the Formicid Monk began the quest for the Orb.
     0 | D:1      | Reached XP level 1. HP: 18/18 MP: 1/1
    76 | D:1      | Reached XP level 2. HP: 10/24 MP: 2/2
   104 | D:1      | Reached skill level 1 in Armour
   316 | D:1      | Reached XP level 3. HP: 23/30 MP: 3/3
   752 | D:1      | Reached XP level 4. HP: 32/37 MP: 4/4
   843 | D:2      | Reached skill level 4 in Fighting
  1364 | D:2      | Found an opulent altar of Gozag.
  1490 | D:2      | Found a sacrificial altar of Ru.
  1742 | D:2      | Found a faded altar of an unknown god.
  1750 | D:2      | Became a worshipper of Vehumet
  1750 | D:2      | Reached * piety under Vehumet
  1750 | D:2      | Offered knowledge of Foxfire by Vehumet.
  1750 | D:2      | Reached ** piety under Vehumet
  1946 | D:2      | Offered knowledge of Sandblast by Vehumet.
  1949 | D:2      | Learned a level 1 spell: Sandblast
  2069 | D:2      | Offered knowledge of Mephitic Cloud by Vehumet.
  2180 | D:2      | Reached *** piety under Vehumet
  2550 | D:3      | Reached XP level 5. HP: 36/42 MP: 5/5
  2777 | D:3      | Slain by an orc priest

Levels and vault maps discovered:
D:1:      giann_forest_graveyard, layout_loops_ring
D:2:      minmay_chambers_of_ones, layout_basic, nicolae_overflow_crystal_walls,
          nicolae_ru_path_of_blood, chequers_ecumenical_altar_simple_redux
D:3:      minmay_chambers_of_twos, layout_loops_corners

Skill      XL: |  1  2  3  4 |
---------------+-------------+-----
Armour         | 1 2 |  2.4
Dodging        | 3 |  3.5
Fighting       | 4 |  4.3
Polearms       | |  3.0
Stealth        | |  2.4
Earth Magic    | |  0.3

Action                   |  1- 3 |  4- 6 || total
-------------------------+-------+-------++-------
Melee: Spear             |   127 |    77 ||   204
       Halberd           |       |    46 ||    46
 Stab: Sleeping          |     4 |     6 ||    10
  Eat: Chunk             |       |     6 ||     6
Armor: Robe              |    24 |       ||    24
       Leather armour    |       |    14 ||    14
Dodge: Dodged            |    64 |    76 ||   140

Table legend:
 A = Non-vault XP
 B = Vault XP
 C = Vault XP percentage of total XP
 D = Non-vault monster count
 E = Vault monster count
 F = Vault count percentage of total count
                 A         B        C        D         E       F
            +---------+---------+-------+---------+---------+-------
      Total |     126 |      20 |  13.7 |      57 |       5 |   8.1
            +---------+---------+-------+---------+---------+-------
        D:1 |      72 |       0 |   0.0 |      34 |       0 |   0.0
        D:2 |      35 |      20 |  36.4 |      15 |       5 |  25.0
        D:3 |      19 |       0 |   0.0 |       8 |       0 |   0.0
            +---------+---------+-------+---------+---------+-------
